 Dungeon Crawl Stone Soup version 0.28-a0-563-gf77a47075d (webtiles) character file.

Game seed: 12155325964474902849

7889 gruber the Blocker (level 11, -7/100 (102) HPs)
             Began as a Troll Earth Elementalist on Sept 30, 2021.
             Was a Follower of Vehumet.
             Mangled by a lich (10 damage)
             ... on level 2 of the Abyss.
             The game lasted 00:10:17 (7542 turns).

gruber the Blocker (Troll Earth Elementalist)       Turns: 7542, Time: 00:10:17

HP:   -7/100 (102)  AC:  6    Str: 24    XL:     11   Next: 2%
MP:   16/16         EV: 13    Int: 18    God:    Vehumet [*.....]
Gold: 467           SH: 17    Dex: 16    Spells: 10/18 levels left

rFire   . . .      SeeInvis .     - Unarmed
rCold   . . .      Faith    .   x - +7 kite shield of Agnosticism {*Corrode Will- Str+6 Int+4}
rNeg    . . .      Spirit   .   l - +0 robe {Will+}
rPois   .          Reflect  .   H - +2 hat
rElec   .          Harm     .   (no cloak)
rCorr   .          Rampage  .   (gloves unavailable)
Will    .....                   (boots unavailable)
Stlth   ++........              (no amulet)
HPRegen 1.26/turn               h - +4 ring of evasion
MPRegen 0.15/turn               y - +6 ring of dexterity

@: slowed, lightly drained, very slow
A: large, unfitting armour, claws 3, regeneration 1, shaggy fur 1, tough skin 1
a: Renounce Religion


You were on level 2 of the Abyss.
You worshipped Vehumet.
Vehumet was aware of your devotion.
You visited 2 branches of the dungeon, and saw 10 of its levels.
You visited the Abyss 1 time.

You collected 467 gold pieces.

Inventory:

Missiles
 c - 319 stones
 w - 2 throwing nets
 F - a curare-tipped dart
Armour
 l - a +0 robe of willpower (worn)
 x - the +7 kite shield of Agnosticism (worn) {*Corrode Will- Str+6 Int+4}
   (You found it on level 6 of the Dungeon)

   Str:       It affects your strength (+6).
   Int:       It affects your intelligence (+4).
   *Corrode:  It may corrode you when you take damage.
   Will:      It decreases your willpower.
 H - a +2 hat (worn)
Jewellery
 h - a +4 ring of evasion (left claw)
 y - a +6 ring of dexterity (right claw)
 C - a ring of ice
Wands
 m - a wand of iceblast (12)
 t - a wand of acid (10)
 v - a wand of polymorph (8)
 G - a wand of charming (20)
Scrolls
 a - a scroll of holy word {unknown}
 b - 2 scrolls of torment
 d - a scroll of acquirement {unknown}
 f - 2 scrolls of enchant weapon {unknown}
 g - 2 scrolls of teleportation {unknown}
 j - a scroll of blinking {unknown}
 k - 5 scrolls of identify
 o - 4 scrolls of fog
 p - a scroll of noise {unknown}
 q - a scroll of fear {unknown}
 u - 2 scrolls of vulnerability
 B - a scroll of summoning {unknown}
 E - a scroll of magic mapping {unknown}
Potions
 e - a potion of resistance {unknown}
 i - 3 potions of invisibility {unknown}
 n - 3 potions of attraction {unknown}
 r - 2 potions of mutation
 s - a potion of magic {unknown}
 z - 2 potions of curing {unknown}
 A - a potion of brilliance {unknown}


   Skills:
 - Level 5.1 Fighting
 - Level 0.3(0.5) Short Blades
 - Level 0.3(0.4) Long Blades
 - Level 0.1(0.6) Axes
 - Level 0.2(0.5) Maces & Flails
 - Level 1.0(1.1) Polearms
 - Level 0.4(0.9) Staves
 - Level 0.1 Slings
 - Level 0.3 Bows
 - Level 0.1 Crossbows
 - Level 1.5 Dodging
 - Level 1.0 Stealth
 - Level 8.1 Shields
 - Level 8.0 Unarmed Combat
 * Level 4.4 Spellcasting
 - Level 0.3 Conjurations
 - Level 0.5 Hexes
 - Level 0.1 Summonings
 - Level 0.3 Necromancy
 - Level 0.1 Translocations
 - Level 4.1 Transmutations
 - Level 0.2 Fire Magic
 - Level 0.2 Ice Magic
 - Level 0.1 Air Magic
 - Level 2.6 Earth Magic
 - Level 0.2 Poison Magic
 - Level 0.3 Invocations


You had 10 spell levels left.
You knew the following spells:

 Your Spells              Type           Power      Damage    Failure   Level
a - Sandblast             Erth           26%        2d8       5%          1
b - Stone Arrow           Conj/Erth      18%        3d8       26%         3
c - Petrify               Tmut/Erth      16%        N/A       38%         4

Your spell library contained the following spells:

 Spells                   Type           Power      Damage    Failure   Level
 Magic Dart               Conj           20%        1d4       14%         1
 Beastly Appendage        Tmut           36%        N/A       3%          1
 Wereblood                Tmut           18%        N/A       4%          2
 Passwall                 Tmut/Erth      13%        N/A       6%          2
 Spider Form              Tmut/Pois      5%         N/A       21%         3


Dungeon Overview and Level Annotations

Branches:
Dungeon (9/15)             Temple (1/1) D:7
   Lair: D:8-11         Orc: D:9-12

Altars:
Ashenzari
Cheibriados
Elyvilon
Fedhas
Gozag
Kikubaaqudgha
Makhleb
Nemelex Xobeh
Okawaru
Ru
Sif Muna
Trog
Vehumet
Wu Jian
Yredelemnul
Zin
The Shining One

Shops:
D:5 ([!   D:8 (

Annotations:
D:4 exclusion: oklob plant
D:8 3 runed translucent doors


Innate Abilities, Weirdness & Mutations

You are too large for most types of armour.
You have claws for hands.
Your natural rate of healing is unusually fast.
You are covered in fur. (AC +1)
You have tough skin. (AC +1)


Message History

As you read the scroll labelled MINYSIY ZEITO, it crumbles to dust.
The scroll dissolves into smoke.
It was a scroll of fog.
The thrashing horror roars!
You hear a roar!
You block the thrashing horror's attack.
The thrashing horror closely misses you.
You block the thrashing horror's attack. x2
The ufetubus closely misses you. You block the ufetubus's attack.
Unknown command.
You feel much better.
You block the thrashing horror's attack. x2
The thrashing horror tramples you!
* * * LOW HITPOINT WARNING * * *
You hold your ground!
The thrashing horror barely misses you. Something touches you.
* * * LOW HITPOINT WARNING * * *
You feel drained.
* * * LOW HITPOINT WARNING * * *
Unknown command.
Unknown command.
Unknown command.
Unknown command.
As you read the scroll labelled WONEARGH ASIUCI, it crumbles to dust.
It is a scroll of identify.
u - 2 scrolls of vulnerability The thrashing horror barely misses you.
You block the thrashing horror's attack.
You block something's attack. Something touches you!
* * * LOW HITPOINT WARNING * * *
Unknown command.
Unknown command.
Unknown command.
You scratch the thrashing horror.
The thrashing horror is lightly damaged.
The thrashing horror tramples you!
* * * LOW HITPOINT WARNING * * *
You hold your ground!
The thrashing horror closely misses you.
Something touches you but does no damage.
Something touches you!
You die...

.......5.......
h...5.......#.# .##.
.##. ##h.#.##.##....
.# ..##..#5 ..#...
......535. .......#
........X55§#....#..#
##.§##..##3##§#....
.##..##..#55{§§§# .
..3. ..#3#@#.# ..
......##### #..##. #
#.. #..# .. ... ...


You could see a ynoxinul and an ufetubus (summoned).

Vanquished Creatures
  Gastronok (D:9)
  2 two-headed ogres (D:8)
  A deep elf pyromancer (D:8)
  A cyclops (D:9)
  A troll (D:8)
  A wind drake (shapeshifter) (D:8)
  Sigmund (D:3)
  A shadow (D:9)
  2 yaks (D:9)
  A water moccasin (D:9)
  A sky beast (D:3)
  A hornet zombie (D:7)
  2 ogres
  2 ice beasts
  A black bear (D:4)
  4 orc warriors
  5 centaurs
  A necrophage (D:5)
  2 kobold brigands
  4 bullfrogs
  3 scorpions
  2 water moccasin zombies (D:7)
  3 killer bees (D:8)
  11 wights
  3 howler monkeys
  A bullfrog zombie (D:6)
  A hound (D:5)
  2 centaur zombies (D:9)
  A bullfrog skeleton (D:6)
  A gnoll shaman (D:9)
  4 orc priests
  3 centaur skeletons
  3 jellies
  An iguana (D:5)
  5 orc wizards
  A hound skeleton (D:4)
  7 gnolls
  4 adders
  A shadow imp (D:7)
  2 ufetubi
  7 worms
  4 dart slugs
  22 orcs
  12 endoplasms
  5 giant cockroaches
  6 goblins
  12 hobgoblins
  10 jackals
  21 kobolds
  8 ball pythons
  6 bats
  6 frilled lizards
  7 rats
220 creatures vanquished.

Vanquished Creatures (others)
  6 plants
6 creatures vanquished.

Grand Total: 226 creatures vanquished

Notes
Turn   | Place    | Note
-------+----------+-------------------------------------------
     0 | D:1      | gruber the Troll Earth Elementalist began the quest for the
                  | Orb.
     0 | D:1      | Reached XP level 1. HP: 16/16 MP: 1/1
    48 | D:1      | Reached skill level 1 in Unarmed Combat
    64 | D:1      | Reached XP level 2. HP: 21/24 MP: 2/2
   290 | D:1      | Found a faded altar of an unknown god.
   367 | D:1      | Reached XP level 3. HP: 31/31 MP: 3/3
   909 | D:2      | Reached XP level 4. HP: 34/39 MP: 4/4
  1541 | D:2      | Reached XP level 5. HP: 44/45 MP: 5/5
  1677 | D:3      | Noticed Sigmund
  1687 | D:3      | Killed Sigmund
  1688 | D:3      | Reached XP level 6. HP: 34/53 MP: 2/6
  1757 | D:3      | You fall into a shaft and drop 2 floors!
  1757 | D:5      | Entered Level 5 of the Dungeon
  1772 | D:5      | Found Ukhle's Antique Weapon Boutique.
  1905 | D:4      | Reached XP level 7. HP: 52/59 MP: 7/7
  1976 | D:3      | Reached skill level 1 in Transmutations
  3158 | D:4      | Found a blossoming altar of Fedhas.
  3179 | D:4      | Noticed an oklob plant
  3381 | D:5      | Found a broken altar of Ashenzari.
  3391 | D:5      | Reached XP level 8. HP: 67/67 MP: 9/9
  3574 | D:5      | Found Qequnut's Armour Boutique.
  3781 | D:5      | Found Gituz's Distillery.
  3944 | D:6      | Found an opulent altar of Gozag.
  3980 | D:6      | Reached skill level 1 in Polearms
  4059 | D:6      | Identified the +7 kite shield of Agnosticism {*Corrode
                  | Will- Str+6 Int+4}
  4104 | D:6      | Reached skill level 1 in Shields
  4451 | D:6      | Found a glowing golden altar of the Shining One.
  4588 | D:6      | Found a sparkling altar of Nemelex Xobeh.
  4752 | D:7      | Reached XP level 9. HP: 39/74 MP: 10/10
  5109 | D:7      | Reached skill level 5 in Shields
  5477 | D:7      | Found a staircase to the Ecumenical Temple.
  5597 | Temple   | Entered the Ecumenical Temple
  5647 | Temple   | Became a worshipper of Vehumet
  5688 | D:8      | Found a runed translucent gate.
  5688 | D:8      | Found a runed translucent gate.
  5688 | D:8      | Found a runed translucent gate.
  5852 | D:8      | Noticed a deep elf pyromancer
  5864 | D:8      | Killed a deep elf pyromancer
  6012 | D:8      | Noticed a white ugly thing
  6012 | D:8      | Noticed a white ugly thing
  6012 | D:8      | Noticed a purple ugly thing
  6012 | D:8      | Noticed a purple ugly thing
  6052 | D:8      | Noticed a two-headed ogre
  6113 | D:8      | Killed a two-headed ogre
  6114 | D:8      | Reached XP level 10. HP: 43/81 MP: 9/11
  6228 | D:8      | Reached skill level 1 in Fighting
  6395 | D:8      | Noticed a two-headed ogre
  6485 | D:8      | Killed a two-headed ogre
  6580 | D:8      | Found Tegawn's Antique Weapon Shoppe.
  6698 | D:9      | Noticed Gastronok
  6702 | D:9      | Noticed a cane toad
  6713 | D:8      | Learned a level 3 spell: Stone Arrow
  6718 | D:8      | Learned a level 4 spell: Petrify
  6749 | D:8      | a cane toad changed into a golden eye
  6761 | D:8      | Reached * piety under Vehumet
  6761 | D:8      | Offered knowledge of Magic Dart by Vehumet.
  6921 | D:9      | Noticed a cyclops
  6962 | D:8      | Reached skill level 5 in Fighting
  7189 | D:9      | Killed a cyclops
  7273 | D:9      | Killed Gastronok
  7274 | D:9      | Reached XP level 11. HP: 50/102 MP: 14/16
  7305 | D:9      | Noticed a wizard
  7451 | D:9      | Cast into level 2 of the Abyss (a wizard)
  7465 | Abyss:2  | Noticed a large abomination
  7512 | Abyss:2  | Noticed a thrashing horror
  7521 | Abyss:2  | Noticed a lich
  7538 | Abyss:2  | Noticed a sun demon
  7542 | Abyss:2  | HP: 3/100 [thrashing horror (9)]
  7542 | Abyss:2  | Mangled by a lich

Illustrated notes

Levels and vault maps discovered:
D:1:      lightli_arrival_windingriver, layout_basic,
          hellmonk_ecumenical_altar_slurped_away, interstate_on_off,
          grunt_decor_mini_mirrors
D:2:      layout_basic
D:3:      layout_loops_corners, wad_floor_pattern_2, kennysheep_cross_room,
          uniq_sigmund
D:4:      layout_rooms, tgw_fedhas, kennysheep_generic_room_6
D:5:      layout_cave_pools, kennysheep_mini, serial_column_ruins,
          column_ruins_hut, column_ruins_courtyard_long, column_ruins_open_tiny,
          column_ruins_open_tiny, column_ruins_columns_straight,
          column_ruins_open_medium, column_ruins_columns_dead_end, serial_shops,
          nicolae_stop_n_shop_2, kennysheep_mini_moat,
          nicolae_shop_behind_doors, lexackson_kobold_supper
D:6:      layout_basic, tso_altar, nemelex_diamond_rough_becter,
          nicolae_gozag_cash_rules_everything_around_me
D:7:      layout_loops_cross, temple_hall
D:8:      layout_basic, serial_shops, nicolae_shop_statue_plus,
          ploomutoo_gammafunk_ghost_potion_laboratory
D:9:      cheibrodos_fzero, layout_cave_pools,
          nicolae_dithmenos_through_a_glass_darkly,
          gammafunk_temple_overflow_forgotten, uniq_psyche, uniq_gastronok
Temple:   dshaligram_water_room_temple
Abyss:2:  base:
D:4

Skill      XL: |  1  2  3  4  5  6  7  8  9 10 |
---------------+-------------------------------+-----
Unarmed Combat | 1 2 4 6 7 8 |  8.0
Transmutations | 2 4 |  4.1
Polearms       | 1 |  1.0
Shields        | 3 8 |  8.1
Fighting       | 5 |  5.1
Spellcasting   | 4 |  4.4
Short Blades   | |  0.3
Long Blades    | |  0.3
Axes           | |  0.1
Maces & Flails | |  0.2
Staves         | |  0.4
Slings         | |  0.1
Bows           | |  0.3
Crossbows      | |  0.1
Dodging        | |  1.5
Stealth        | |  1.0
Conjurations   | |  0.3
Hexes          | |  0.5
Summonings     | |  0.1
Necromancy     | |  0.3
Translocations | |  0.1
Fire Magic     | |  0.2
Ice Magic      | |  0.2
Air Magic      | |  0.1
Earth Magic    | |  2.6
Poison Magic   | |  0.2
Invocations    | |  0.3

Action                   |  1- 3 |  4- 6 |  7- 9 | 10-12 || total
-------------------------+-------+-------+-------+-------++-------
Melee: Unarmed           |   144 |    91 |   389 |   175 ||   799
       Punch             |       |       |    10 |       ||    10
 Cast: Sandblast         |       |     6 |     4 |     2 ||    12
Evoke: Wand              |       |       |       |     3 ||     3
  Use: Scroll            |       |       |       |     3 ||     3
       Potion            |       |       |       |     1 ||     1
 Stab: Sleeping          |       |     1 |     4 |       ||     5
Armor: Robe              |    68 |    22 |    59 |    14 ||   163
Dodge: Dodged            |    90 |    39 |   193 |    77 ||   399
Block: Kite shield       |       |       |    30 |   191 ||   221

Table legend: (Time is in decaauts)
 A = Elapsed time spent in this place.
 B = Non-inter-level travel time spent in this place.
 C = Inter-level travel time spent in this place.
 D = Time resting spent in this place.
 E = Time spent auto-exploring this place.
 F = Levels seen in this place.
 G = Mean time per level.
                   A        B        C        D        E       F      G
               +--------+--------+--------+--------+--------+-----+--------+
         Total |   7517 |   7112 |    405 |    304 |   4960 |  11 |  683.4 |
       Dungeon |   7361 |   6966 |    395 |    290 |   4920 |   9 |  817.9 |
        Temple |     59 |     50 |      9 |      0 |     40 |   1 |   59.0 |
         Abyss |     96 |     96 |      0 |     14 |      0 |   1 |   96.0 |
               +--------+--------+--------+--------+--------+-----+--------+

Top non-repeatable levels by time:
     D:8: 1497 daAuts
     D:3: 971 daAuts
     D:7: 950 daAuts
     D:2: 940 daAuts
     D:1: 734 daAuts
     D:6: 708 daAuts
     D:4: 657 daAuts
     D:5: 612 daAuts
     D:9: 287 daAuts
 Abyss:2: 96 daAuts
  Temple: 59 daAuts
